 Dungeon Crawl Stone Soup version 0.30.1-3-gfc49f6343a (webtiles) character file.

Game seed: 1502576606781357906

3296 javelincjr the Trooper (level 9, -5/72 HPs)
             Began as a Demonspawn Fighter on July 24, 2023.
             Was an Elder of Jiyva.
             Slain by a two-headed ogre
             ... wielding a +0 giant club
              (15 damage)
             ... on level 7 of the Dungeon.
             The game lasted 00:22:52 (5001 turns).

javelincjr the Trooper (Demonspawn Fighter)         Turns: 5001, Time: 00:22:52

Health: -5/72      AC: 14    Str: 20    XL:     9   Next: 70%
Magic:  9/9        EV:  9    Int: 10    God:    Jiyva [****..]
Gold:   238        SH:  5    Dex: 13    Spells: 8/8 levels left

rFire   . . .        o - +2 long sword (drain)
rCold   . . .        c - +0 buckler
rNeg    . . .        b - +0 scale mail
rPois   .            E - +0 hat {Will+}
rElec   .            (cloak unavailable)
rCorr   +            v - +2 pair of gloves
SInv    .            (no boots)
Will    +....        m - amulet of regeneration Stlth
                     i - ring of wizardry
HPRegen 2.40/turn    (no ring)
MPRegen 0.51/turn

%: wizardry (x1)
@: sanguine armoured
A: demonic guardian 1, sanguine armour 1, weakness stinger 3, deformed body,
high MP 1
a: Renounce Religion, Oozemancy, Slimify


You were on level 7 of the Dungeon.
You worshipped Jiyva.
Jiyva was greatly pleased with you.
You visited 1 branch of the dungeon, and saw 8 of its levels.

You collected 238 gold pieces.

Inventory:

Hand Weapons
 a - a +0 war axe
 d - a +0 club
 f - a +2 spear of distortion
 o - a +2 long sword of draining (weapon)
 q - a +2 sling of freezing
 u - a +0 halberd
 y - a +2 quarterstaff of chaos
 J - a +4 short sword
Missiles
 j - 35 poisoned darts (quivered)
 k - 2 throwing nets
 t - 2 boomerangs
Armour
 b - a +0 scale mail (worn)
 c - a +0 buckler (worn)
 r - a +0 pair of gloves
 s - a +0 plate armour
 v - a +2 pair of gloves (worn)
 z - a +0 cloak
 E - a +0 hat of willpower (worn)
 F - +0 swamp dragon scales
Jewellery
 i - a ring of wizardry (left hand)
 m - an amulet of regeneration (around neck)
Wands
 w - a wand of flame (26)
Scrolls
 e - 2 scrolls of vulnerability {unknown}
 l - a scroll of brand weapon {unknown}
 n - 5 scrolls of identify {unknown}
 p - a scroll of amnesia {unknown}
 x - a scroll of fear {unknown}
 A - a scroll of magic mapping {unknown}
 B - a scroll of teleportation {unknown}
 C - a scroll of enchant weapon {unknown}
 D - 2 scrolls of poison {unknown}
Potions
 g - 2 potions of mutation
 h - 2 potions of invisibility {unknown}
 G - a potion of curing {unknown}
 H - a potion of brilliance {unknown}
 I - a potion of degeneration {unknown}


   Skills:
 + Level 7.5 Fighting
 + Level 6.5 Axes
 + Level 6.9 Armour
 + Level 6.9 Shields


You had 8 spell levels left.
You didn't know any spells.
Your spell library contained the following spells:

 Spells                   Type           Power      Damage    Failure   Level
 Magic Dart               Conj           0%         1d3       41%         1
 Summon Small Mammal      Summ           0%         N/A       41%         1
 Call Canine Familiar     Summ           0%         N/A       77%         3
 Summon Guardian Golem    Hex/Summ       0%         N/A       77%         3
 Leda's Liquefaction      Hex/Erth       0%         N/A       98%         4
 Arcjolt                  Conj/Air       0%         1d10      100%        5
 Blade Hands              Tmut           0%         N/A       100%        5
 Irradiate                Conj/Tmut      0%         3d11      100%        5
 Lee's Rapid Deconstruct  Erth           0%         3d4*      100%        5
 Statue Form              Tmut/Erth      0%         N/A       100%        6
 Dragon Form              Tmut           0%         N/A       100%        7


Dungeon Overview and Level Annotations

Branches:
Dungeon (8/15)             Temple (0/1) D:5
   Lair: D:8-11

Altars:
Cheibriados
Nemelex Xobeh
Okawaru
Sif Muna
Trog
Wu Jian
Jiyva


Innate Abilities, Weirdness & Mutations

A weak demonic guardian rushes to your aid.
When seriously injured, your blood forms armour. (AC +6)
You have a sharp stinger which inflicts weakening toxins.
Armour fits poorly on your strangely shaped body.
You have an increased reservoir of magic. (+10% MP)


Message History

You completely miss the two-headed ogre.
The two-headed ogre is heavily wounded.
The two-headed ogre misses you. You block the two-headed ogre's attack.
You hit the two-headed ogre. You drain the two-headed ogre.
The two-headed ogre is severely wounded.
The two-headed ogre hits you with a +0 giant club.
The two-headed ogre hits you but does no damage.
Jiyva says: Divide and consume!
You hit the two-headed ogre but do no damage.
The two-headed ogre is severely wounded.
You hit the two-headed ogre.
The two-headed ogre is moderately wounded.
The two-headed ogre is no longer weakened.
The two-headed ogre closely misses you.
The two-headed ogre hits you with a +0 giant spiked club!!
You hit the two-headed ogre. You drain the two-headed ogre.
The two-headed ogre is heavily wounded.
You hear a distant slurping noise.
You block the two-headed ogre's attack. The two-headed ogre barely misses you.
You slash the two-headed ogre!
The two-headed ogre is severely wounded.
The two-headed ogre hits you but does no damage.
The two-headed ogre hits you with a +0 giant spiked club.
You hit the two-headed ogre but do no damage.
The two-headed ogre is severely wounded.
The two-headed ogre hits you with a +0 giant club.
You block the two-headed ogre's attack.
You hit the two-headed ogre.
The two-headed ogre is severely wounded.
The two-headed ogre hits you with a +0 giant club!
* * * LOW HITPOINT WARNING * * *
The two-headed ogre hits you with a +0 giant spiked club!
* * * LOW HITPOINT WARNING * * *
A demonic guardian appears!
You hear a howl!
You hear a shout!
You hear a croak.
You hear an angry hiss.
You hit the two-headed ogre.
The two-headed ogre is severely wounded.
The two-headed ogre closely misses you.
The two-headed ogre hits you with a +0 giant spiked club!
You die... ... .e #F##. .'.[# #FO. })W

#O## #.## ####O# +#5@O#+
#. #.#### #) #.# ##.##
#.####.###+#####'#####+#
.....#..................
#.#.......##.#######...#
..#..........# .#
#.......J.#'##
#.#.#....))..#


You could see 2 two-headed ogres and a friendly quasit (summoned).

Vanquished Creatures
  Gastronok (D:8)
  Maggie (D:6)
  Grinder (D:3)
  Menkaure (D:5)
  A sky beast (D:8)
  2 ogres
  A centaur (D:5)
  2 kobold brigands
  A scorpion (D:4)
  7 killer bees
  Crazy Yiuf (D:5)
  3 orc priests
  2 hounds (D:5)
  A gnoll bouda (D:8)
  4 iguanas
  Ijyb (D:5)
  Terence (D:3)
  4 orc wizards
  7 gnolls
  6 adders
  2 white imps (D:6)
  2 ufetubi
  2 worms
  4 dart slugs
  25 orcs
  An endoplasm (D:1)
  4 giant cockroaches
  5 goblins
  6 hobgoblins
  3 jackals (D:1)
  18 kobolds
  6 quokkas
  7 ball pythons
  3 bats (D:3)
  2 frilled lizards (D:3)
  10 rats
148 creatures vanquished.

Vanquished Creatures (collateral kills)
  An orc warrior (D:4)
  A kobold (D:6)
2 creatures vanquished.

Vanquished Creatures (others)
  Duvessa (D:6)
  A bullfrog (D:6)
  2 scorpions
  Dowan (D:6)
  A hound (D:5)
  7 jellies
  An orc priest (D:5)
  3 orc wizards
  4 gnolls (D:5)
  2 adders (D:2)
  A shadow imp (D:7)
  2 endoplasms
  10 orcs
  A kobold (D:4)
  A quokka (D:2)
  2 frilled lizards (D:2)
40 creatures vanquished.

Grand Total: 190 creatures vanquished

Notes
Turn   | Place    | Note
-------+----------+-------------------------------------------
     0 | D:1      | javelincjr the Demonspawn Fighter began the quest for the
                  | Orb.
     0 | D:1      | Reached XP level 1. HP: 18/18 MP: 1/1
   285 | D:1      | Gained mutation: You have a small tail. [demonic ancestry]
   285 | D:1      | Reached XP level 2. HP: 22/24 MP: 2/2
   611 | D:1      | Found a faded altar of an unknown god.
   633 | D:1      | Prayed at the altar of an unknown god.
   633 | D:1      | Became a worshipper of Jiyva Jiphik the Shapeless
   633 | D:1      | Reached * piety under Jiyva
   901 | D:2      | Reached XP level 3. HP: 29/29 MP: 3/3
   923 | D:2      | Got the Precepts of the Ruinous Crater
  1045 | D:2      | Reached ** piety under Jiyva
  1057 | D:2      | Gained mutation: When seriously injured, your blood forms
                  | armour. (AC +6) [demonic ancestry]
  1057 | D:2      | Reached XP level 4. HP: 12/35 MP: 4/4
  1651 | D:3      | Noticed Grinder
  1651 | D:3      | Noticed Terence
  1664 | D:3      | Killed Terence
  1670 | D:3      | Killed Grinder
  1671 | D:3      | Reached skill level 4 in Fighting
  1671 | D:3      | Gained mutation: You have a tail ending in a sharp stinger.
                  | [demonic ancestry]
  1671 | D:3      | Reached XP level 5. HP: 22/42 MP: 5/5
  1671 | D:3      | Reached XP level 6. HP: 25/48 MP: 6/6
  1758 | D:3      | Reached *** piety under Jiyva
  2216 | D:3      | Found a bloodstained altar of Trog.
  2495 | D:4      | Gained mutation: You have a small jelly attached to you
                  | that senses nearby items. [Jiyva's grace]
  2495 | D:4      | Gained mutation: You have an increased reservoir of magic.
                  | (+10% MP) [Jiyva's grace]
  2495 | D:4      | Gained mutation: You have a considerably increased
                  | reservoir of magic. (+20% MP) [Jiyva's grace]
  2495 | D:4      | Gained mutation: You have a greatly increased reservoir of
                  | magic. (+30% MP) [Jiyva's grace]
  2526 | D:4      | Gained mutation: A weak demonic guardian rushes to your
                  | aid. [demonic ancestry]
  2526 | D:4      | Reached XP level 7. HP: 45/55 MP: 9/9
  2550 | D:4      | Reached **** piety under Jiyva
  2943 | D:4      | Reached skill level 5 in Fighting
  3034 | D:5      | Entered Level 5 of the Dungeon
  3038 | D:5      | Found a staircase to the Ecumenical Temple.
  3291 | D:5      | Noticed Ijyb
  3297 | D:5      | Killed Ijyb
  3378 | D:5      | Found a runed translucent door.
  3379 | D:5      | Noticed Crazy Yiuf
  3388 | D:5      | Killed Crazy Yiuf
  3425 | D:5      | Found an iron altar of Okawaru.
  3426 | D:5      | Noticed Menkaure
  3438 | D:5      | Killed Menkaure
  3439 | D:5      | Reached skill level 5 in Armour
  3439 | D:5      | Reached skill level 5 in Shields
  3439 | D:5      | Reached XP level 8. HP: 21/63 MP: 10/10
  3627 | D:5      | Found an ornate altar of the Wu Jian Council.
  3965 | D:6      | Found a snail-covered altar of Cheibriados.
  4014 | D:6      | You fall into a shaft and drop 2 floors!
  4014 | D:8      | Found a sparkling altar of Nemelex Xobeh.
  4026 | D:8      | Noticed Gastronok
  4053 | D:8      | Killed Gastronok
  4054 | D:8      | Reached skill level 6 in Fighting
  4054 | D:8      | Reached skill level 5 in Axes
  4054 | D:8      | Gained mutation: You have a sharp stinger which inflicts
                  | weakening toxins. [demonic ancestry]
  4054 | D:8      | Reached XP level 9. HP: 71/71 MP: 11/11
  4107 | D:8      | Lost mutation: You have a greatly increased reservoir of
                  | magic. (+30% MP) [potion of mutation]
  4107 | D:8      | Lost mutation: You have a small jelly attached to you that
                  | senses nearby items. [potion of mutation]
  4107 | D:8      | Lost mutation: You have a considerably increased reservoir
                  | of magic. (+20% MP) [potion of mutation]
  4107 | D:8      | Gained mutation: Armour fits poorly on your strangely
                  | shaped body. [potion of mutation]
  4134 | D:8      | Reached skill level 7 in Fighting
  4161 | D:6      | Found a shimmering blue altar of Sif Muna.
  4164 | D:6      | Noticed Maggie
  4179 | D:6      | Killed Maggie
  4340 | D:6      | Killed Dowan
  4642 | D:6      | Killed Duvessa
  4974 | D:7      | Noticed a deep elf pyromancer
  4974 | D:7      | Noticed a gargoyle
  4974 | D:7      | Noticed a two-headed ogre
  4974 | D:7      | Noticed a two-headed ogre
  5001 | D:7      | Slain by a two-headed ogre

Illustrated notes

Levels and vault maps discovered:
D:1:      minmay_arrival_checkered_box, layout_loops_ring,
          dreamdust_ecumenical_altar_angels_and_demons
D:2:      layout_basic, kennysheep_pointless_box
D:3:      layout_basic, lightli_temple_of_fire, minmay_vboxes, uniq_grinder,
          uniq_terence
D:4:      layout_gridville, hex_large
D:5:      layout_loops_corners, zin_academy, mainiacjoe_overflow_tiny_flanked,
          general_overflow_altar, minmay_temple_entry_crystal_x, uniq_menkaure,
          uniq_ijyb, uniq_crazy_yiuf_cottage
D:6:      layout_basic, lemuel_round_altar, lemuel_doored_altar,
          minmay_misc_feat_pillars, st_stairs_11, nicolae_benzene_ring,
          uniq_maggie, uniq_duvessa
D:7:      minmay_the_grid_square_5x5_3x3
          [minmay_the_grid_square_5x5_hollow_slash,
          minmay_the_grid_square_5x5_almost_minimal,
          minmay_the_grid_square_5x5_eight,
          minmay_the_grid_square_5x5_minivault,
          minmay_the_grid_square_5x5_megaprize_crossed,
          minmay_the_grid_square_5x5_pentomino_r,
          minmay_the_grid_square_5x5_sharp_hourglass,
          minmay_the_grid_square_5x5_inner_v, minmay_the_grid_square_5x5_meh],
          layout_basic, old_standard_altar
D:8:      layout_rooms, mainiacjoe_overflow_six_doors_small,
          mainiacjoe_overflow_chevrons, nicolae_overflow_crystal_walls,
          uniq_gastronok

Skill      XL: |  1  2  3  4  5  6  7  8  9 |
---------------+----------------------------+-----
Axes           | 2 3 4 5 6 |  6.5
Armour         | 3 4 5 6 |  6.9
Shields        | 3 4 5 6 |  6.9
Fighting       | 4 5 6 7 |  7.5

Action                     |  1- 3 |  4- 6 |  7- 9 || total
---------------------------+-------+-------+-------++-------
  Melee: War axe           |    75 |    88 |   219 ||   382
         Tailslap          |     7 |     9 |    34 ||    50
         Long sword        |       |       |    44 ||    44
  Throw: Dart              |       |     3 |    11 ||    14
 Invoke: Oozemancy         |       |       |     3 ||     3
    Use: Potion            |       |       |     3 ||     3
 Armour: Scale mail        |    30 |    44 |   151 ||   225
  Dodge: Dodged            |    30 |    51 |   125 ||   206
  Block: Buckler           |    15 |    23 |    74 ||   112
